cohdb
Replays
Latest Replays
All Replays
Popular Replays
Top Player Replays
Match Explorer
How It Works
Community
CoH3 Stats
Reddit
Sign in to upload your games and track your stats! →
Sign in with Steam
Match 44368020
Unlisted
Match 44368020
Overview
Messages
Build Orders
End
Construct Infanterie Kompanie
Kettenkrad Recon Vehicle
Grenadier Squad
MG 42 Machine Gun Team
Selects Breakthrough Battlegroup
Selects Assault Grenadiers
Sniper
Construct Luftwaffe Kompanie
Selects Rapid Production
221 Scout Car
Jäger Squad
Selects Breakthrough
Medical Station
Jäger Squad
Kettenkrad Recon Vehicle
MG 42 Machine Gun Team
Construct Panzergrenadier Kompanie
Selects Incendiary Bombing Run
Pak 40 Anti-tank Gun Team
Incendiary Bombing Run
Construct Panzer Kompanie
Selects Blitzkrieg
Stoßtruppen Squad
Grenadier Squad
Panzer IV Medium Tank
Pioneer Squad
Panzer IV Medium Tank
Stoßtruppen Squad
251 Medium Carrier
Incendiary Bombing Run
Pioneer Squad
Incendiary Bombing Run
Selects Tiger Heavy Tank
Incendiary Bombing Run
HighTaxRate
robwarrior
0
0
Comments
sign in to comment!
No comments posted yet!